 Dungeon Crawl Stone Soup version 0.30-a0-570-g486de37d69 (webtiles) character file.

Game seed: 16034588179547716272

183621 sanka the Stormcaller (level 17, -1/161 HPs)
             Began as an Armataur Air Elementalist on Dec 28, 2022.
             Was the Champion of Ru.
             Slain by a culicivora (4 damage)
             ... summoned by a broodmother
             ... on level 4 of the Spider Nest on Dec 29, 2022.
             The game lasted 02:17:01 (61317 turns).

sanka the Stormcaller (Armataur Air Elementalist)  Turns: 61317, Time: 02:17:02

Health: -1/161     AC: 14    Str:  9 (11) XL:     17   Next: 75%
Magic:  25/29      EV: 15    Int: 26      God:    Ru [******]
Gold:   2181       SH:  0    Dex: 14 (16) Spells: 6/32 levels left

rFire   + + .      SeeInvis +    a - +4 scimitar (flame)
rCold   + + .      Faith    .    (shield unavailable)
rNeg    . . .      Spirit   .    Q - +2 robe {Archmagi}
rPois   .          Reflect  .    L - +1 helmet of Walar {Int+4}
rElec   .          Harm     .    K - +2 cloak
rCorr   .          Roll     +    A - +2 pair of gloves
Will    +....      Archmagi +    (no barding)
Stlth   +                        g - amulet of Elyvilon's Pride {rF+ Regen+ Dex+3}
HPRegen 1.26/turn                (ring unavailable)
MPRegen 0.21/turn                d - ring "Acluufal" {rF+ rC++ SInv}

@: confused, lethally poisoned (-1 -> -68)
A: large, rugged brown scales 3, deformed body, weak 1, missing a hand, hated by
all, inability to train armour, no poison magic, no summoning magic, no
transmutations magic, armoured tail, roll, long tongue, awkward tongue
a: Renounce Religion, Draw Out Power, Power Leap, Apocalypse


You were on level 4 of the Spider Nest.
You worshipped Ru.
Ru was exalted by your worship.
You visited 4 branches of the dungeon, and saw 26 of its levels.
You visited 1 bazaar.
You also visited: Sewer and Volcano.

You collected 3633 gold pieces.
You spent 1452 gold pieces at shops.


Innate Abilities, Weirdness & Mutations

You are completely covered in rugged brown scales. (AC +3, +7% HP)
Armour fits poorly on your strangely shaped body.
You are weak. (Str -2)
You are missing a hand.
You are hated by all.
You cannot train Armour skill.
You cannot study or cast Poison magic.
You cannot study or cast Summoning magic.
You cannot study or cast Transmutations magic.
You have a long armoured tail.
You roll when moving toward enemies. (Rampage)
Your long tongue fully drains potion bottles. (2x potion effects)
Your tongue gives you trouble enunciating. (1.5x scroll delay)


   Skills:
 + Level 13.9 Fighting
 + Level 11.9 Dodging
 - Level 2.1 Stealth
 - Level 8.0 Spellcasting
 - Level 8.0 Conjurations
 - Level 20.0 Air Magic


You had 6 spell levels left.
You knew the following spells:

 Your Spells              Type           Power      Damage    Failure   Level
i - Maxwell's Capacitive  Air            53%        ∞         10%         8
s - Swiftness             Air            100%       N/A       0%          3
u - Arcjolt               Conj/Air       45%        1d55      1%          5
x - Airstrike             Air            53%        2d(8-24)  0%          4
y - Vhi's Electric Charg  Tloc/Air       100%       N/A       1%          3
z - Shock                 Conj/Air       100%       1d9       1%          1
Z - Static Discharge      Conj/Air       100%       2-7/arc   1%          2

Your spell library contained the following spells:

 Spells                   Type           Power      Damage    Failure   Level
 Foxfire                  Conj/Fire      100%       2x1d9     1%          1
 Magic Dart               Conj           100%       1d8       1%          1
 Silence                  Hex/Air        38%        N/A       2%          5
 Dazzling Flash           Conj/Hex       92%        N/A       3%          3
 Slow                     Hex            60%        N/A       5%          1
 Iskenderun's Mystic Bla  Conj/Tloc      46%        2d10      11%         4
 Confusing Touch          Hex            15%        N/A       17%         3
 Vampiric Draining        Necr           15%        2d7       17%         3
 Fireball                 Conj/Fire      23%        3d11      30%         5
 Passage of Golubria      Tloc           15%        N/A       50%         4
 Agony                    Necr           15%        N/A       83%         5
 Starburst                Conj/Fire      23%        6d8       86%         6
 Mephitic Cloud           Conj/Pois/Air  Unusable   N/A       N/A         3
 Summon Lightning Spire   Summ/Air       Unusable   N/A       N/A         4
 Call Imp                 Summ           Unusable   N/A       N/A         2
 Tukima's Dance           Hex            Unusable   N/A       N/A         3
 Yara's Violent Unravell  Hex/Tmut       Unusable   3d5       N/A         5
 Storm Form               Tmut/Air       Unusable   N/A       N/A         7

Inventory:

Hand Weapons
 a - a +4 scimitar of flaming (weapon)
 f - a +0 dagger of distortion
Missiles
 R - 4 throwing nets {=f}
Armour
 A - a +2 pair of gloves (worn)
 K - a +2 cloak (worn)
 L - the +1 helmet of Walar (worn) {Int+4}

   Int:       It affects your intelligence (+4).
 Q - a +2 robe of the Archmagi (worn)
Magical Staves
 b - a staff of conjuration {!a}
Jewellery
 d - the ring "Acluufal" (right hand) {rF+ rC++ SInv}

   [ring of see invisible]

   rF:        It protects you from fire.
   rC:        It greatly protects you from cold.
   SInv:      It lets you see invisible.
 g - the amulet of Elyvilon's Pride (around neck) {rF+ Regen+ Dex+3}

   [amulet of regeneration]

   Dex:       It affects your dexterity (+3).
   rF:        It protects you from fire.
   Regen:     It increases your rate of health regeneration.
 n - a +6 ring of intelligence
 I - a ring of flight
 N - a ring of resist corrosion
 U - a ring of poison resistance
 V - a +4 ring of protection
 Z - a ring of willpower
Wands
 u - a wand of digging (6)
 G - a wand of polymorph (18)
 H - a wand of paralysis (8)
 M - a wand of flame (6)
 T - a wand of mindburst (8)
Scrolls
 e - 9 scrolls of poison {!r}
 h - 21 scrolls of teleportation {@r4}
 i - 7 scrolls of vulnerability {!r}
 l - 3 scrolls of identify {@r1}
 m - 6 scrolls of fear
 o - 3 scrolls of brand weapon
 p - a scroll of silence {unknown}
 t - 6 scrolls of blinking
 w - 5 scrolls of noise {!r}
 y - 3 scrolls of fog
 E - 5 scrolls of immolation {!r}
 J - 3 scrolls of enchant armour
 O - a scroll of acquirement
 S - 4 scrolls of magic mapping
 Y - 3 scrolls of enchant weapon
Potions
 c - 3 potions of resistance
 j - 6 potions of lignification {!q}
 k - 5 potions of mutation {!q}
 q - 3 potions of brilliance
 v - 6 potions of attraction {!q}
 x - 9 potions of haste {@q3}
 z - 10 potions of flight
 C - 7 potions of heal wounds {@q2}
 D - 6 potions of invisibility
 F - a potion of cancellation {unknown}
 P - a potion of magic
 W - 3 potions of berserk rage {!q}
 X - 10 potions of ambrosia

Dungeon Overview and Level Annotations

Branches:
Dungeon (15/15)            Temple (0/1) D:6            Lair (5/5) D:11
  Swamp (0/4) Lair:2       Spider (4/4) Lair:3        Slime (0/5) Lair:5
    Orc (2/2) D:12            Elf (0/3) Orc:2        Vaults (0/5) D:13
 Depths (0/4) D:15          Sewer (visited)         Volcano (visited)

Altars:
Ashenzari
Gozag
Okawaru
Ru
Sif Muna
Vehumet
Zin

Shops:
D:4 *   D:5 !   D:8 [   Orc:1 ?   Orc:2 [*(!

Portals:
Trove: D:11 (give +6 demon trident)

Annotations:
D:12 3 runed translucent doors, Nyg Tys's ghost, journeyman MiBe; Uwkeq's ghost, journeyman MiFi
Lair:5 2 transporters, DEFE's ghost, journeyman DsWn

▒▒▒▒...▒.....▒▒▒.▒ ..
▒▒▒~~~...#...▒▒▒.▒ ▒.▒
▒▒.~≈~~...#...▒▒.▒▒ ..^
▒▒............▒▒.)▒ ...
▒▒▒.........▒▒▒..▒▒ ...
▒▒.†▒▒▒▒▒▒▒
▒...▒▒▒▒▒▒▒▒▒▒▒/.^
▒|..▒▒▒▒▒▒▒▒†...▒^~▒.▒^▒.~..~
▒....▒.....sss....▒^....^▒^..
▒▒........ssHss....†...^.▒...
▒▒.....▒..ssss.▒~~▒.▒.▒~...^
▒▒▒▒▒▒▒▒▒▒s^^▒▒▒▒▒▒▒▒▒▒▒...
▒▒▒▒▒..▒▒ .~. ▒..^...▒ ~.~
▒▒.....▒▒ .^~ ▒^.....▒ ▒s▒
▒▒.....▒ .B ▒^..s..▒ B.


You could see 2 broodmothers, 2 wolf spiders, a culicivora (summoned, blind), a
jumping spider (summoned), 3 tarantellas and 3 redbacks.


Message History

* * * LOW HITPOINT WARNING * * *
The culicivora draws strength from your injuries!
You focus your inner power and blind the culicivora in retribution!
The jumping spider begins to attack, but is stunned by your conviction!
The broodmother misses you.
Unknown command.
Unknown command.
Aiming: Airstrike (safe; 0% risk of failure)
Aim: a broodmother (almost dead, softly glowing, empty space bonus: 2/8)
The air twists around and strikes the broodmother!
The broodmother is almost dead.
The tarantella touches you.
* * * LOW HITPOINT WARNING * * *
You are confused.
The redback barely misses you. The redback closely misses you.
The redback bites you but does no damage.
The culicivora barely misses you.
The broodmother summons a spider!
The redback bites you!
* * * LOW HITPOINT WARNING * * *
You are lethally poisoned!
The redback poisons you! The redback bites you.
* * * LOW HITPOINT WARNING * * *
You are more poisoned.
The redback poisons you! The redback closely misses you.
The culicivora bites you.
You die...

Action                   |  1- 3 |  4- 6 |  7- 9 | 10-12 | 13-15 | 16-18 || total
-------------------------+-------+-------+-------+-------+-------+-------++-------
Melee: Unarmed           |    20 |       |    28 |       |       |       ||    48
       Tailslap          |     2 |     3 |     3 |    26 |    74 |    42 ||   150
       Quarterstaff      |     5 |    24 |     4 |       |       |       ||    33
       Flail             |       |       |    40 |    24 |       |       ||    64
       Scimitar          |       |       |       |    89 |   374 |   107 ||   570
       Staff             |       |       |       |       |    11 |    32 ||    43
 Cast: Shock             |   115 |   132 |   223 |   130 |       |       ||   600
       Static Discharge  |       |     2 |     4 |     4 |       |       ||    10
       Airstrike         |       |       |    17 |   195 |   550 |   461 ||  1223
       Arcjolt           |       |       |       |    22 |   131 |   122 ||   275
       Maxwell's Capacit |       |       |       |       |       |     1 ||     1
Invok: Sacrifice Arcana  |       |     1 |       |       |       |       ||     1
       Sacrifice a Hand  |       |       |     1 |       |       |       ||     1
       Reject Sacrifices |       |       |     1 |     1 |       |       ||     2
       Sacrifice Durabil |       |       |       |     1 |       |       ||     1
       Sacrifice Love    |       |       |       |       |     1 |       ||     1
       Sacrifice Purity  |       |       |       |       |     1 |       ||     1
Evoke: Wand              |       |       |     1 |     2 |    23 |     6 ||    32
  Use: Scroll            |       |    10 |     1 |     5 |    11 |     1 ||    28
       Potion            |       |       |     1 |     1 |     8 |    15 ||    25
 Stab: Sleeping          |     1 |     1 |       |       |     1 |       ||     3
       Distracted        |       |       |     1 |     1 |     2 |     1 ||     5
       Invisible         |       |       |       |     2 |     4 |     3 ||     9
       Paralysed         |       |       |       |       |    24 |     4 ||    28
Armor: Robe              |    29 |    20 |    18 |    66 |   286 |   258 ||   677
       Skin              |       |       |    10 |       |       |       ||    10
       Ring mail         |       |       |    68 |    48 |       |       ||   116
Dodge: Dodged            |    32 |    20 |    47 |   128 |   363 |   473 ||  1063
Block: Other             |       |       |       |       |    26 |       ||    26
       Reflection        |       |       |       |       |     3 |       ||     3

Levels and vault maps discovered:
D:1:      wheals_arrival_shading, layout_loops_ring, minivault_4,
          serial_bayou_lake_a
D:2:      layout_loops_ring
D:3:      layout_basic, grunt_temple_overflow_cloverleaf, dk_yredelemnul_ordeal,
          basic_ecumenical_altar
D:4:      layout_gridville, gup_sewer_entry_spiral, serial_shops,
          nicolae_shop_stone, uniq_natasha, uniq_ijyb, uniq_edmund
D:5:      layout_basic, serial_shops, shop, kennysheep_generic_room_13
D:6:      layout_basic, minmay_temple_entry_statues, nicolae_titane
D:7:      layout_basic
D:8:      layout_gridville, old_standard_altar, serial_shops,
          nicolae_shop_stone, uniq_maurice, uniq_psyche
D:9:      layout_loops_ring, okawaru_ov_weapons_minmay, minmay_splitting_lines,
          uniq_pikel, uniq_harold, uniq_erica
D:10:     layout_cave_pods, evilmike_ruin_ashenzari, minivault_15,
          kennysheep_minor_cross, worms_lemuel, uniq_grum
D:11:     hangedman_cross_veins, layout_irregular_city,
          due_lair_maze_entry_diamond, trove_entry_hex_spiral,
          nicolae_gozag_seed_capital
D:12:     layout_roguey, hiddenorc1_lemuel, gammafunk_ghost_cemetery,
          grunt_decor_fettered, uniq_urug
D:13:     layout_long_grid, david_vaults_4, lightli_wizard_tower, uniq_erolcha
D:14:     layout_roguey [special_room_bee], palyth_stone_intersect,
          item_on_display_a, uniq_josephine
D:15:     hangedman_depths_entry_civil_slaughter, layout_small_grid,
          hangedman_decor_cross_pass
Lair:1:   layout_big_grid, minivault_25
Lair:2:   layout_roguey, nicolae_swamp_entry_splash_gauntlet,
          hangedman_tree_tricks, lemuel_fruit_tree
Lair:3:   layout_gridlike, dummy_spider_entry, disabler_island,
          infiniplex_staircase_pool_2, grunt_megastairs_5, uniq_kirke
Lair:4:   layout_misc_corridors, chequers_serial_rivers_large_a, ice2_lemuel,
          serial_bayou_shore_b, uniq_snorg
Lair:5:   guppyfry_lair_end_dragon, layout_regular_city,
          hangedman_lair_in_review, slime_entry_1,
          gammafunk_ghost_berserking_beasts, minivault_19, uniq_rupert
Spider:1: cheibrodos_spider_deadly_dance, hangedman_spider_tarantella_strand
Spider:2: layout_spider_delve, nicolae_spider_wall_of_niches
Spider:3: nicolae_spider_hilbert_zone_4 [nicolae_spider_hilbert_4_sides_2_open,
          nicolae_spider_hilbert_4_sides_1_open,
          nicolae_spider_hilbert_4_sides_1_open,
          nicolae_spider_hilbert_4_sides_1_open,
          nicolae_spider_hilbert_4_sides_1_open,
          nicolae_spider_hilbert_2_sides_1_open,
          nicolae_spider_hilbert_2_sides_1_open,
          nicolae_spider_hilbert_2_sides_1_open,
          nicolae_spider_hilbert_2_sides_1_open,
          nicolae_spider_hilbert_6_sides_1_open,
          nicolae_spider_hilbert_6_sides_1_open,
          nicolae_spider_hilbert_3_sides_1_open,
          nicolae_spider_hilbert_3_sides_1_open], nicolae_spider_spiderdrome,
          uniq_nikola
Spider:4: guppyfry_spider_rune, beargit_elvish_explorers
Orc:1:    giant_chief_lemuel, layout_caves, serial_shops, shop, uniq_fannar
Orc:2:    grunt_orc_tribal_feast, layout_caves, enter_volcano_1, serial_shops,
          bzr_entry_water, special_room, nicolae_orc_lava_room

Notes
Turn   | Place    | Note
-------+----------+-------------------------------------------
     0 | D:1      | sanka the Armataur Air Elementalist began the quest for the
                  | Orb.
     0 | D:1      | Reached XP level 1. HP: 14/14 MP: 3/3
   152 | D:1      | Reached skill level 2 in Spellcasting
   222 | D:1      | Reached skill level 1 in Conjurations
   307 | D:1      | Reached XP level 2. HP: 14/21 MP: 0/5
   403 | D:1      | Reached skill level 3 in Air Magic
   839 | D:2      | Reached XP level 3. HP: 27/27 MP: 2/6
   880 | D:2      | Learned a level 2 spell: Static Discharge
  1131 | D:1      | Reached skill level 2 in Conjurations
  2774 | D:3      | Reached XP level 4. HP: 35/35 MP: 1/7
  2868 | D:3      | Found a runed translucent door.
  2868 | D:3      | Noticed a human
  2876 | D:3      | Found a basalt altar of Yredelemnul.
  3084 | D:3      | Found a glowing silver altar of Zin.
  3088 | D:3      | Found a faded altar of an unknown god.
  3098 | D:3      | Prayed at the altar of an unknown god.
  3098 | D:3      | Became a worshipper of Ru the Awakened
  3100 | D:3      | Gained mutation: You cannot study or cast Poison magic. [Ru
                  | sacrifice]
  3100 | D:3      | Gained mutation: You cannot study or cast Transmutations
                  | magic. [Ru sacrifice]
  3100 | D:3      | Gained mutation: You cannot study or cast Summoning magic.
                  | [Ru sacrifice]
  3100 | D:3      | Reached * piety under Ru
  3335 | D:3      | Found a blossoming altar of Fedhas.
  3338 | D:3      | Found a radiant altar of Vehumet.
  3341 | D:3      | Found a hazy altar of Hepliaklqana.
  3545 | D:4      | Reached skill level 4 in Air Magic
  3548 | D:4      | Found a glowing drain.
  3574 | Sewer    | Entered a sewer
  3622 | Sewer    | Reached skill level 3 in Conjurations
  3685 | Sewer    | Reached XP level 5. HP: 27/40 MP: 3/8
  3919 | Sewer    | Learned a level 3 spell: Swiftness
  4438 | Sewer    | Identified the ring "Acluufal" {rF+ rC++ SInv}
  4617 | D:4      | Noticed Natasha
  4625 | D:4      | Killed Natasha
  4626 | D:4      | Reached XP level 6. HP: 39/48 MP: 1/9
  4784 | D:4      | Noticed Ijyb
  4816 | D:4      | Reached skill level 4 in Conjurations
  4816 | D:4      | Reached skill level 5 in Air Magic
  4859 | D:4      | Found Aru Sino's General Store.
  5096 | D:4      | Noticed Natasha
  5102 | D:4      | Killed Natasha
  5357 | D:4      | Reached skill level 6 in Air Magic
  5357 | D:4      | Reached XP level 7. HP: 53/53 MP: 2/10
  5510 | D:4      | Noticed Natasha
  5515 | D:4      | Killed Natasha
  5635 | D:5      | Entered Level 5 of the Dungeon
  5652 | D:5      | Found Noamon's Distillery.
  5839 | D:4      | Bought a +2 pair of gloves for 198 gold pieces
  6062 | D:5      | Reached skill level 7 in Air Magic
  6380 | D:5      | Gained mutation: You are missing a hand. [Ru sacrifice]
  6380 | D:5      | Reached ** piety under Ru
  6380 | D:5      | Reached *** piety under Ru
  6380 | D:5      | Reached **** piety under Ru
  6386 | D:5      | Learned a level 4 spell: Airstrike
  6558 | D:5      | Reached XP level 8. HP: 51/60 MP: 7/11
  6615 | D:5      | Identified the +0 scale mail of Sorcery {Str+2 Dex+3}
  6650 | D:5      | Reached skill level 8 in Air Magic
  6881 | D:4      | Ijyb changed into Ijyb the iguana
  6881 | D:4      | Noticed Ijyb
  6887 | D:4      | Killed Ijyb the iguana
  6975 | D:4      | Noticed Edmund
  7073 | D:4      | Killed Edmund
  7074 | D:4      | Reached skill level 1 in Armour
  7296 | D:5      | Bought a potion of heal wounds for 70 gold pieces
  7379 | D:6      | Reached skill level 2 in Armour
  7379 | D:6      | Reached skill level 3 in Spellcasting
  7468 | D:6      | Found a staircase to the Ecumenical Temple.
  8230 | D:6      | Reached skill level 3 in Armour
  8691 | D:7      | Reached XP level 9. HP: 66/66 MP: 7/14
  9210 | D:7      | Reached skill level 4 in Armour
  9210 | D:7      | Reached skill level 5 in Conjurations
  9655 | D:7      | Reached skill level 4 in Spellcasting
  9700 | D:8      | Noticed Maurice
  9729 | D:8      | Killed Maurice
  9730 | D:8      | Reached skill level 1 in Fighting
  9730 | D:8      | Reached skill level 2 in Dodging
  9730 | D:8      | Reached skill level 9 in Air Magic
  9943 | D:8      | Reached skill level 2 in Fighting
 10050 | D:8      | Reached skill level 5 in Armour
 10112 | D:8      | Found a shimmering blue altar of Sif Muna.
 10355 | D:8      | Found Uzolepih's Antique Armour Shop.
 10472 | D:8      | Noticed Psyche
 10480 | D:8      | Killed Psyche
 10481 | D:8      | Reached skill level 3 in Fighting
 10481 | D:8      | Reached skill level 3 in Dodging
 10626 | D:8      | Noticed a two-headed ogre
 10643 | D:8      | Killed a two-headed ogre
 10644 | D:8      | Reached XP level 10. HP: 83/83 MP: 0/16
 10822 | D:8      | Noticed a two-headed ogre
 11067 | D:8      | Killed a two-headed ogre
 11068 | D:8      | Reached skill level 4 in Fighting
 11335 | D:9      | Reached skill level 4 in Dodging
 11379 | D:9      | Found an iron altar of Okawaru.
 11598 | D:9      | Reached skill level 10 in Air Magic
 11727 | D:9      | Reached skill level 5 in Fighting
 11842 | D:9      | Noticed Pikel
 11851 | D:9      | Killed Pikel
 11933 | D:9      | Reached skill level 5 in Dodging
 11944 | D:9      | Reached skill level 6 in Fighting
 12164 | D:9      | Noticed Erica
 12462 | D:9      | Killed Erica
 12536 | D:9      | Learned a level 3 spell: Vhi's Electric Charge
 12570 | D:9      | Noticed Harold
 12583 | D:9      | Killed Harold
 12584 | D:9      | Reached XP level 11. HP: 97/97 MP: 5/17
 12672 | D:9      | Identified a +1 robe of the Archmagi
 12903 | D:10     | Entered Level 10 of the Dungeon
 12938 | D:10     | Reached skill level 6 in Dodging
 13088 | D:10     | Reached skill level 7 in Fighting
 13094 | D:10     | Learned a level 5 spell: Arcjolt
 13175 | D:10     | Found a broken altar of Ashenzari.
 13603 | D:10     | Noticed Grum
 13605 | D:10     | Noticed a two-headed ogre
 13713 | D:10     | Killed Grum
 13822 | D:10     | Killed a two-headed ogre
 14241 | D:10     | Reached skill level 5 in Spellcasting
 14241 | D:10     | Reached skill level 6 in Conjurations
 15194 | D:5      | Bought 2 potions of flight for 84 gold pieces
 15515 | D:11     | Noticed a two-headed ogre
 15520 | D:11     | Killed a two-headed ogre
 15707 | D:11     | Found a staircase to the Lair.
 15767 | D:11     | Found an opulent altar of Gozag.
 16107 | D:11     | Noticed a boulder beetle
 16374 | D:10     | Reached skill level 6 in Spellcasting
 16374 | D:10     | Reached skill level 7 in Conjurations
 16586 | D:11     | Killed a boulder beetle
 16812 | D:11     | Noticed a two-headed ogre
 16821 | D:11     | Killed a two-headed ogre
 16822 | D:11     | Reached skill level 8 in Conjurations
 16926 | D:11     | Gained mutation: You cannot train Armour skill. [Ru
                  | sacrifice]
 16926 | D:11     | Reduced skill Armour to level 0
 16926 | D:11     | Reached ***** piety under Ru
 17191 | D:11     | Noticed a skeletal warrior
 17565 | D:11     | Reached skill level 11 in Air Magic
 17565 | D:11     | Reached XP level 12. HP: 107/107 MP: 12/21
 17941 | D:11     | Noticed a catoblepas
 17965 | D:11     | Killed a catoblepas
 18140 | D:11     | Noticed a two-headed ogre
 18149 | D:11     | Killed a two-headed ogre
 18451 | D:11     | Noticed a death knight
 18464 | D:11     | Killed a death knight
 18465 | D:11     | Reached skill level 12 in Air Magic
 18852 | D:11     | Found a portal to a secret trove of treasure.
 18995 | D:11     | Upgraded the game from 0.30-a0-567-gf7fd966b4a to
                  | 0.30-a0-570-g486de37d69
 19075 | Lair:1   | Entered Level 1 of the Lair of Beasts
 19807 | Lair:2   | Reached skill level 13 in Air Magic
 20366 | Lair:2   | Noticed a five-headed hydra
 20373 | Lair:2   | Killed a five-headed hydra
 20849 | Lair:2   | Found a blossoming altar of Fedhas.
 20975 | Lair:2   | Reached skill level 14 in Air Magic
 21794 | Lair:2   | Reached XP level 13. HP: 112/112 MP: 13/22
 21981 | Lair:2   | Found a staircase to the Swamp.
 22730 | Lair:3   | Reached skill level 15 in Air Magic
 22943 | Lair:3   | Noticed Kirke
 22951 | Lair:3   | Noticed a sphinx
 22953 | Lair:3   | Killed Kirke
 23484 | Lair:3   | Found a hole to the Spider Nest.
 24217 | Lair:3   | Reached skill level 16 in Air Magic
 24722 | Lair:4   | Noticed Snorg
 24733 | Lair:4   | Killed Snorg
 25972 | Lair:4   | Reached skill level 17 in Air Magic
 26448 | Lair:5   | Entered Level 5 of the Lair of Beasts
 26900 | Lair:5   | Reached XP level 14. HP: 120/120 MP: 17/23
 27580 | Lair:5   | Learned a level 8 spell: Maxwell's Capacitive Coupling
 27610 | Lair:5   | Noticed Rupert
 27642 | Lair:5   | Killed Rupert
 27643 | Lair:5   | Reached skill level 7 in Spellcasting
 28558 | Lair:5   | Found a transporter.
 28967 | Lair:5   | Noticed DEFE's ghost (journeyman DsWn)
 28977 | Lair:5   | Found a transporter.
 28997 | Lair:5   | Found a viscous altar of Jiyva.
 28997 | Lair:5   | Found a staircase to the Slime Pits.
 29175 | Lair:5   | Reached skill level 8 in Spellcasting
 30313 | Lair:5   | Reached skill level 18 in Air Magic
 30706 | Lair:5   | Gained mutation: You are hated by all. [Ru sacrifice]
 31634 | Lair:5   | Identified +0 steam dragon scales
 32999 | D:12     | Found a runed translucent gate.
 32999 | D:12     | Found a runed translucent gate.
 32999 | D:12     | Found a runed translucent gate.
 33004 | D:12     | Noticed Uwkeq's ghost (journeyman MiFi)
 33004 | D:12     | Noticed Nyg Tys's ghost (journeyman MiBe)
 33013 | D:12     | Identified the +1 helmet of Walar {Int+4}
 33170 | D:12     | Found a staircase to the Orcish Mines.
 33290 | D:12     | Noticed Urug
 33295 | D:12     | Killed Urug
 33826 | Orc:1    | Entered Level 1 of the Orcish Mines
 33829 | Orc:1    | Reached skill level 19 in Air Magic
 33954 | Orc:1    | Noticed Fannar
 33970 | Orc:1    | Killed Fannar
 34716 | Orc:1    | Reached XP level 15. HP: 126/126 MP: 14/27
 34980 | Orc:1    | Found Uxkaemor's Magic Scroll Shop.
 35456 | Orc:1    | Gained mutation: You are weak. (Str -2) [Ru sacrifice]
 35456 | Orc:1    | Reached ****** piety under Ru
 35772 | Orc:1    | Identified the +7 flail of Qazlal, Chewing {freeze, MP-9
                  | Str+9}
 35772 | Orc:1    | Identified the amulet of Elyvilon's Pride {rF+ Regen+
                  | Dex+3}
 35947 | Orc:1    | Noticed a frost giant
 35955 | Orc:1    | Killed a frost giant
 36346 | Orc:2    | Entered Level 2 of the Orcish Mines
 36413 | Orc:2    | Found a gateway to a bazaar.
 36415 | Orc:2    | Found a staircase to the Elven Halls.
 36533 | Orc:2    | Found a dark tunnel.
 36538 | Volcano  | Entered a volcano
 36599 | Volcano  | Found a burning altar of Makhleb.
 37897 | Orc:2    | Reached skill level 20 in Air Magic
 38382 | Orc:2    | Identified a +1 robe of the Archmagi
 38602 | Orc:2    | Found Vuhev's Distillery.
 38602 | Orc:2    | Found Zosifi's Antique Armour Shoppe.
 38607 | Orc:2    | Found Igutaolu's Weapon Boutique.
 38607 | Orc:2    | Found Gelep's Assorted Antiques.
 39016 | Bazaar   | Entered a bazaar
 39037 | Bazaar   | Found Jozxoq's Armour Shoppe.
 39037 | Bazaar   | Found Cimegh's Magic Scroll Emporium.
 39129 | Bazaar   | Bought a scroll of teleportation for 27 gold pieces
 39129 | Bazaar   | Bought a scroll of teleportation for 27 gold pieces
 39129 | Bazaar   | Bought a scroll of blinking for 67 gold pieces
 39129 | Bazaar   | Bought a scroll of teleportation for 27 gold pieces
 39129 | Bazaar   | Bought a scroll of magic mapping for 67 gold pieces
 39232 | Orc:2    | Bought a potion of heal wounds for 60 gold pieces
 39232 | Orc:2    | Bought a potion of heal wounds for 60 gold pieces
 39232 | Orc:2    | Bought 2 potions of heal wounds for 120 gold pieces
 39232 | Orc:2    | Bought a potion of haste for 120 gold pieces
 39232 | Orc:2    | Bought a potion of resistance for 120 gold pieces
 39232 | Orc:2    | Bought a potion of mutation for 96 gold pieces
 39237 | Orc:2    | Bought a dull robe for 165 gold pieces
 39237 | Orc:2    | Identified the +1 robe of Happy Babbling {rN+ Str+4 Slay+2}
                  | (You bought it in a shop on level 2 of the Orcish Mines)
 39298 | Orc:1    | Bought a scroll of identify for 34 gold pieces
 39298 | Orc:1    | Bought a scroll of identify for 34 gold pieces
 39298 | Orc:1    | Bought a scroll of identify for 34 gold pieces
 39321 | Orc:2    | Identified a scroll of acquirement
 39507 | D:13     | Identified the +4 ring mail of Saskidgh {Rampage Str+2}
 40328 | D:13     | Reached skill level 8 in Fighting
 40868 | D:13     | Reached skill level 7 in Dodging
 41817 | D:13     | Found a gate to the Vaults.
 43084 | D:14     | Noticed Josephine
 43128 | D:14     | Killed Josephine
 43514 | D:14     | Reached skill level 9 in Fighting
 43911 | D:15     | Entered Level 15 of the Dungeon
 45001 | D:15     | Reached skill level 8 in Dodging
 45269 | D:15     | Reached XP level 16. HP: 141/141 MP: 15/28
 46229 | D:15     | Found a staircase to the Depths.
 46584 | D:15     | Reached skill level 10 in Fighting
 46805 | Spider:1 | Entered Level 1 of the Spider Nest
 47688 | Spider:1 | Reached skill level 9 in Dodging
 48562 | Spider:1 | Found a runed translucent door.
 49487 | Spider:1 | Reached skill level 11 in Fighting
 51339 | D:5      | Bought a potion of curing for 42 gold pieces
 51905 | Spider:2 | Reached skill level 10 in Dodging
 52922 | Spider:2 | Reached skill level 12 in Fighting
 53667 | Spider:2 | Reached XP level 17. HP: 123/156 MP: 16/29
 54900 | Spider:2 | Identified the +2 robe of Okawaru's Grace {-Tele Harm rF+}
 55874 | Spider:3 | Reached skill level 11 in Dodging
 56599 | Spider:3 | Reached skill level 13 in Fighting
 56811 | Spider:3 | Noticed Nikola
 56817 | Spider:3 | Killed Nikola
 56871 | Spider:3 | Identified the +6 falchion of Dividends {antimagic, rN+
                  | Stlth+}
 58479 | Spider:4 | Entered Level 4 of the Spider Nest
 61317 | Spider:4 | HP: 7/161 [redback[a broodmother] (12)]
 61317 | Spider:4 | HP: 3/161 [redback[a broodmother] (4)]
 61317 | Spider:4 | Slain by a culicivora

Vanquished Creatures
  Nikola (Spider:3)
  Rupert (Lair:5)
  Kirke (Lair:3)
  3 emperor scorpions
  A frost giant (Orc:1)
  4 ghost moths
  An orc warlord (Orc:2)
  2 broodmothers (Spider:2)
  A stone giant (D:15)
  A red draconian (Volcano)
  4 dire elephants
  Snorg (Lair:4)
  A spark wasp (Spider:2)
  Josephine (D:14)
  A fire dragon (Lair:5)
  Fannar (Orc:1)
  4 entropy weavers
  6 hydras
  Harold (D:9)
  2 catoblepae
  2 jorogumos (Spider:2)
  5 radroaches
  8 boulder beetles
  A death knight (D:11)
  7 two-headed ogres
  7 dancing weapons (Spider:1)
  7 death yaks
  6 centaur warriors
  Erica (D:9)
  Urug (D:12)
  A tengu warrior (D:15)
  3 orc high priests (Orc:2)
  A deep elf knight (Spider:4)
  5 pharaoh ants
  9 steelbarb worms
  2 sun moths
  A sea snake (shapeshifter) (D:15)
  A deep troll (D:15)
  A swamp dragon (Lair:5)
  2 bog bodies (Lair:2)
  12 orb spiders
  2 lindwurms (Lair:5)
  A necromancer (D:15)
  A harpy (shapeshifter) (D:13)
  6 orc knights
  2 wizards
  Pikel (D:9)
  2 oklob plants (Lair:2)
  5 orc sorcerers
  8 ugly things
  4 moths of wrath
  19 wolf spiders
  16 cyclopes
  3 manticores
  6 elephants
  Maurice (D:8)
  2 ice statues
  13 cane toads
  An eye of devastation (shapeshifter) (D:11)
  3 torpor snails
  A gargoyle (D:11)
  6 black mambas
  Psyche (D:8)
  An unseen horror (D:12)
  5 rime drakes
  9 demonic crawlers
  An efreet (D:13)
  2 freezing wraiths
  An ice devil (Lair:4)
  11 komodo dragons
  4 yaktaurs
  3 tengu conjurers
  9 meliai
  A queen bee (D:14)
  4 trolls
  37 tarantellas
  A wind drake (shapeshifter) (D:13)
  28 slime creatures
  20 blink frogs
  4 polar bears
  3 dream sheep (Lair:5)
  A jumping spider (shapeshifter) (D:13)
  A centaur simulacrum (D:11)
  2 spriggans (shapeshifter)
  36 jumping spiders
  2 vampires
  7 hogs (Lair:3)
  72 yaks
  A shadow (D:11)
  6 basilisks
  5 wraiths
  Grum (D:10)
  20 culicivoras
  A human (D:3)
  A golden eye (shapeshifter) (D:15)
  5 steam dragons
  77 redbacks
  A fire elemental (Lair:3)
  2 vampire mosquitoes (D:14)
  Edmund (D:4)
  8 wargs
  4 acid dragons
  4 swamp worms
  A hell hound (Spider:4)
  10 water moccasins
  21 orc warriors
  A sky beast (D:6)
  3 black bears (D:11)
  8 ice beasts
  A swamp drake (Lair:5)
  3 boggarts (D:15)
  9 ogres
  12 centaurs
  11 wolves
  3 phantoms
  A kobold brigand (D:10)
  10 bullfrogs
  4 necrophages
  A gnoll sergeant (D:11)
  3 scorpions
  5 wights
  25 killer bees
  7 electric eels
  8 howler monkeys
  A lava snake (Lair:3)
  A crimson imp (D:13)
  14 orc priests
  3 hounds
  2 jellies
  Natasha (thrice) (D:4)
  7 iguanas
  25 orc wizards
  6 hell rats
  8 gnolls
  A river rat (D:4)
  7 adders
  5 white imps
  An ufetubus (D:6)
  3 worms
  A dart slug (D:5)
  82 orcs
  16 endoplasms
  12 giant cockroaches
  5 goblins
  8 hobgoblins
  4 jackals (D:1)
  8 quokkas
  9 ball pythons
  8 bats
  4 frilled lizards (Sewer)
  A goblin zombie (D:3)
  12 kobolds
  7 rats
1038 creatures vanquished.

Vanquished Creatures (others)
  2 ghost moths
  A steelbarb worm (Spider:3)
  A deep elf archer (Spider:4)
  An orc sorcerer (Orc:2)
  A cane toad (Lair:3)
  2 trolls
  A wraith (D:14)
  2 yaks
  2 orc priests
  2 orc wizards
  3 orcs
  70 fungi
  99 plants
  6 withered plants (D:12)
193 creatures vanquished.

Grand Total: 1231 creatures vanquished
